 Dungeon Crawl Stone Soup version 0.15-a0-2019-g30d9616 (webtiles) character file.

80485 Amnesiac the Warrior (level 15, -3/176 HPs)
             Began as an Ogre Transmuter on July 11, 2014.
             Was the Champion of Dithmenos.
             Killed by miscasting Alistair's Intoxication (20 damage)
             ... on Level 1 of the Elven Halls on July 12, 2014.
             The game lasted 01:45:51 (32638 turns).

Amnesiac the Warrior (Ogre Transmuter)             Turns: 32638, Time: 01:45:51

HP  -3/176       AC  6     Str 16 (17) XL: 15   Next: 67%
MP  29/35        EV 10     Int 10      God: Dithmenos [******]
Gold 2440        SH  0     Dex 11      Spells:  9 memorised,  8 levels left

rFire  + . .     SeeInvis .       - Unarmed
rCold  + + .     Clarity  .     T - +2 robe {rC+ rF+}
rNeg   . . .     rCorr    .     (shield currently unavailable)
rPois  +         rRot     .     G - +0 hat
rElec  .         Spirit   .     z - +0 cloak
SustAb .         Warding  .     (gloves unavailable)
rMut   .         Stasis   .     (boots unavailable)
Gourm  +                        F - amulet of the gourmand
MR     +++..                    u - ring of protection from magic
                                V - ring of protection from magic

@: blade hands, very slightly contaminated, wreathed by umbra, drained,
extremely resistant to hostile enchantments, unstealthy
A: unfitting armour, blurry vision 1, clumsy 2, cold resistance 1, deterioration
1, dopey 1, fast metabolism 1, poison resistance, regeneration 1, spit poison 1,
tough skin 1, weak 1, wild magic 1
a: Spit Poison, End Transformation, Shadow Step, Shadow Form, Renounce Religion


You were on level 1 of the Elven Halls.
You worshipped Dithmenos.
Dithmenos was exalted by your worship.
You were very full.
Your hands were blades.
You visited 5 branches of the dungeon, and saw 26 of its levels.
You also visited: Ice Cave.

You collected 2769 gold pieces.
You spent 329 gold pieces at shops.

Inventory:

Hand weapons
 c - a +0 blowgun
Missiles
 b - 371 arrows
 e - 2 curare-tipped needles
 j - 6 javelins of returning (quivered)
Armour
 z - a +0 cloak (worn)
 G - a +0 hat (worn)
 T - a +2 robe of resistance (worn)
Magical devices
 m - a wand of heal wounds (0)
 t - a wand of teleportation (4)
 W - a wand of disintegration (12)
 X - a wand of heal wounds (6)
Comestibles
 a - 14 meat rations
 d - 8 beef jerkies
 n - a chunk of elf flesh
 w - 115 fruits
 A - 8 bread rations
 S - 2 royal jellies
Scrolls
 f - a scroll of teleportation
 i - 17 scrolls of identify
 k - 2 scrolls of blinking
 l - 5 scrolls of fog
 v - 7 scrolls of remove curse
 x - 8 scrolls of amnesia
 O - 3 scrolls of enchant armour
 Q - a scroll of holy word
 R - a scroll of magic mapping
 Y - a scroll of fear
Jewellery
 p - an uncursed ring of stealth
 u - a ring of protection from magic (right scythe-like blade)
 y - an uncursed ring of protection from fire
 B - an uncursed ring of see invisible
 C - an uncursed amulet of guardian spirit
 D - an uncursed amulet of stasis
 F - an amulet of the gourmand (around neck)
 M - an uncursed amulet of clarity
 V - a ring of protection from magic (left scythe-like blade)
Potions
 g - 2 potions of haste
 h - 3 potions of agility
 o - a potion of degeneration {unknown}
 s - 5 potions of restore abilities
 H - a potion of curing
 L - a potion of lignification
 P - a potion of magic
 U - 4 potions of cancellation


   Skills:
 - Level 18.0(17.7) Fighting
 - Level 1.7(1.5) Dodging
 - Level 11.0(10.7) Unarmed Combat
 - Level 13.0(12.7) Spellcasting
 + Level 12.7(12.4) Transmutations


You had 8 spell levels left.
You knew the following spells:

 Your Spells              Type           Power        Failure   Level  Hunger
a - Alistair's Intoxicat  Trmt/Pois      ####....     65%         4    ####...
b - Petrify               Trmt/Erth      ####....     65%         4    ####...
c - Ice Form              Ice/Trmt       ####......   65%         4    ####...
d - Sticks to Snakes      Trmt           #####.....   16%         2    None
e - Repel Missiles        Chrm/Air       #.....       73%         2    None
f - Swiftness             Chrm/Air       #.......     73%         2    None
g - Haste                 Chrm           #.......     100%        6    #######
q - Blade Hands           Trmt           #####.....   34%         5    #####..
x - Spider Form           Trmt/Pois      ####......   38%         3    ##.....


Dungeon Overview and Level Annotations

Branches:
Dungeon (12/15)            Temple (1/1) D:5             Orc (4/4) D:12
    Elf (1/3) Orc:4          Lair (8/8) D:10         Shoals (0/5) Lair:6
  Snake (0/5) Lair:6        Slime (0/6) Lair:7

Altars:
Ashenzari
Cheibriados
Dithmenos
Elyvilon
Fedhas
Makhleb
Okawaru
Qazlal
Trog
Xom
Yredelemnul
Beogh
Jiyva

Shops:
D:5 *   D:10 =   Orc:4 ==[=


Innate Abilities, Weirdness & Mutations

You are too large for most types of armour.
You have tough skin (AC +1).*
Your vision is a little blurry.
You are very clumsy. (Dex -4)
Your flesh is cold resistant.*
Your body is slowly deteriorating.
You are dopey. (Int -2)
You have a fast metabolism.
Your system is resistant to poisons.*
Your natural rate of healing is unusually fast.
You can spit poison.
You are weak. (Str -2)
Your spells are a little harder to cast, but a little more powerful.


Message History

The battlesphere fires!
The barrage of energy hits you!
Found a wand of frost.
There is an open door here.
A deep elf knight comes into view. It is wielding a long sword.
You close the door.
The deep elf knight shouts!
The deep elf knight points at you and mumbles some strange words.
The puff of flame hits you! You resist.
* * * LOW HITPOINT WARNING * * *
The deep elf knight unwields an uncursed long sword.
The deep elf knight wields a shortbow.
The deep elf knight shoots an arrow.
The arrow hits you!
* * * LOW HITPOINT WARNING * * *
You see here an arrow.
Casting: Blade Hands
Confirm with . or Enter, or press ? or * to list all spells.
You miscast Alistair's Intoxication.
You feel clumsy.
You feel a little hungry.
Your body is distorted in a weirdly horrible way!
You die...

. #.##..
#.#...)...#
#.####.##.#
#.#.>.♣)<.#
#'....#..#
#.#...))..#
+.....#..#
#.##♣.>.♣##
#.[...)..# ..#
#...# #.)...e.##
.## #####
#+....+*# #.#
###....##
##+#..#.#
#....#.###.(@.[.#
#...###+#.....+##
#...# ##.......#
........'...P...#
#..P#####.e.....#
..# #'.....## .
.##./.+# .# ##.##
#.#


You could see a deep elf knight.

Vanquished Creatures
  Maud (Lair:6)
  An orc warlord (Orc:2)
  5 dire elephants (Lair:8)
  Harold (Lair:4)
  5 hydras
  Erica (D:12)
  An anaconda (Lair:8)
  8 death yaks
  A deep elf knight (Elf:1)
  An ice devil (Orc:4)
  An unseen horror (D:8)
  A lindwurm (Lair:7)
  An ice statue (IceCv)
  2 hill giants
  2 orc knights (Orc:2)
  2 deep elf summoners (Elf:1)
  A deep elf conjurer (Elf:1)
  A necromancer (IceCv)
  3 griffons
  A cyclops (D:11)
  9 orc sorcerers
  3 manticores
  9 elephants
  Maurice (Orc:1)
  13 black mambas
  10 spiny frogs
  11 komodo dragons
  A deep elf priest (Elf:1)
  10 freezing wraiths (IceCv)
  A fire drake (Lair:8)
  2 two-headed ogres
  3 polar bears
  6 blink frogs
  7 trolls
  A basilisk (Lair:1)
  A water elemental (D:12)
  55 yaks
  3 wyverns
  A wraith (D:11)
  3 deep elf magi (Elf:1)
  4 deep elf fighters
  10 wargs
  2 hungry ghosts (D:11)
  18 ugly things
  6 hippogriffs
  A hill giant skeleton (D:12)
  A death yak simulacrum (IceCv)
  4 wolves
  2 soldier ants (D:11)
  2 sky beasts (D:10)
  15 water moccasins
  11 porcupines
  4 black bears
  9 ice beasts
  11 ogres
  25 orc warriors
  5 centaurs
  A boring beetle (Lair:3)
  2 phantoms
  8 necrophages
  13 crocodiles
  A big kobold (D:10)
  11 giant frogs
  An eye of draining (D:10)
  9 scorpions
  A hippogriff zombie (D:11)
  8 wights
  3 killer bees (D:10)
  3 jellies
  An elephant simulacrum (IceCv)
  5 electric eels
  10 crimson imps
  A giant frog zombie (D:8)
  3 goliath beetles
  2 quasits
  Crazy Yiuf (D:2)
  30 orc priests
  2 draconian simulacra (IceCv)
  11 hounds
  12 iguanas
  A centaur skeleton (D:10)
  58 orc wizards
  A spriggan simulacrum (IceCv)
  An orange rat (Elf:1)
  7 troll simulacra (IceCv)
  2 wolf simulacra (IceCv)
  7 worker ants
  4 centaur simulacra (IceCv)
  20 sheep
  A mottled dragon zombie (D:10)
  Ijyb (D:2)
  An ogre zombie (Orc:4)
  A big kobold skeleton (D:11)
  A hound skeleton (Orc:1)
  7 gnolls
  37 adders
  58 green rats
  3 naga simulacra (IceCv)
  An ogre simulacrum (IceCv)
  2 shadow imps
  An inept item mimic (D:10)
  24 white imps
  A giant mite (D:1)
  2 worms
  An iguana zombie (D:6)
  An adder skeleton (D:5)
  An orc skeleton (D:6)
  6 giant geckos
  An ooze (D:1)
  205 orcs
  5 giant cockroaches
  2 gnoll zombies (D:6)
  22 goblins
  23 hobgoblins
  28 kobolds
  14 quokkas
  2 ball pythons
  24 bats
  11 giant newts
  A hobgoblin skeleton (D:4)
  14 jackals
  18 orc zombies (Orc:4)
  25 rats
  A fungus (D:10)
  6 plants
1112 creatures vanquished.

Vanquished Creatures (collateral kills)
  A giant frog skeleton (D:4)
1 creature vanquished.

Vanquished Creatures (others)
  A troll simulacrum (IceCv)
  A naga simulacrum (IceCv)
  11 fungi
  10 plants
23 creatures vanquished.

Grand Total: 1136 creatures vanquished

Notes
Turn   | Place    | Note
--------------------------------------------------------------
     0 | D:1      | Amnesiac, the Ogre Transmuter, began the quest for the Orb.
     0 | D:1      | Reached XP level 1. HP: 19/19 MP: 3/3
    90 | D:1      | Reached XP level 2. HP: 24/27 MP: 3/5
    94 | D:1      | Learned a level 2 spell: Sticks to Snakes
   236 | D:1      | Reached skill level 3 in Spellcasting
   600 | D:1      | Reached XP level 3. HP: 30/33 MP: 6/8
   605 | D:1      | Learned a level 3 spell: Spider Form
  1449 | D:3      | Reached XP level 4. HP: 22/41 MP: 2/9
  1982 | D:4      | Found a basalt altar of Yredelemnul.
  1985 | D:4      | Noticed an ogre
  1991 | D:4      | Noticed an ogre
  1997 | D:4      | Killed an ogre
  1997 | D:4      | Reached skill level 4 in Transmutations
  1997 | D:4      | Reached XP level 5. HP: 43/48 MP: 9/11
  2011 | D:4      | Killed an ogre
  2011 | D:4      | Reached XP level 6. HP: 51/55 MP: 9/13
  2406 | D:5      | Entered Level 5 of the Dungeon
  2438 | D:5      | Found a stormy altar of Qazlal.
  2513 | D:5      | Found Suanirom's Assorted Antiques.
  2564 | D:5      | Bought a blue potion for 27 gold pieces
  2564 | D:5      | Bought a scroll labeled IMPIT UCOMO for 31 gold pieces
  2564 | D:5      | Bought a scroll labeled TUSELI SMITANG for 31 gold pieces
  2564 | D:5      | Bought an emulsified purple potion for 27 gold pieces
  2581 | D:5      | Reached skill level 5 in Transmutations
  2581 | D:5      | Reached XP level 7. HP: 51/65 MP: 9/15
  2953 | D:5      | Found a bloodstained altar of Trog.
  2973 | D:5      | Found a staircase to the Ecumenical Temple.
  2983 | Temple   | Entered the Ecumenical Temple
  2993 | Temple   | Became a worshipper of Dithmenos the Shadowed
  3391 | D:4      | Reached skill level 5 in Spellcasting
  3485 | D:3      | Found an iron altar of Okawaru.
  4009 | D:2      | Noticed Crazy Yiuf
  4016 | D:2      | Killed Crazy Yiuf
  4093 | D:2      | Learned a level 4 spell: Ice Form
  4099 | D:2      | Learned a level 5 spell: Blade Hands
  4189 | D:2      | Noticed Ijyb
  4206 | D:2      | Killed Ijyb
  5078 | D:4      | Reached XP level 8. HP: 73/78 MP: 15/20
  5261 | D:4      | Acquired Dithmenos' first power
  5739 | D:5      | Gained mutation: You occasionally shout uncontrollably at your foes. [potion of mutation]
  5739 | D:5      | Gained mutation: You possess an exceptional clarity of mind. [potion of mutation]
  5739 | D:5      | Gained mutation: Armour fits poorly on your strangely shaped body. [potion of mutation]
  6070 | D:6      | Reached skill level 5 in Fighting
  6087 | D:6      | Reached skill level 5 in Unarmed Combat
  6553 | D:6      | HP: 1/72 [poisoned by a water moccasin]
  6567 | D:6      | HP: 3/72 [poisoned by a water moccasin]
  6568 | D:6      | HP: 1/72 [poisoned by a water moccasin]
  6846 | D:6      | Reached skill level 6 in Unarmed Combat
  7336 | D:6      | Reached XP level 9. HP: 79/81 MP: 17/21
  8150 | D:7      | Reached skill level 7 in Unarmed Combat
  8182 | D:7      | Acquired Dithmenos' second power
  8705 | D:7      | Found a white marble altar of Elyvilon.
  8899 | D:5      | Bought a scroll labeled KHERHIOMIU for 31 gold pieces
  9304 | D:8      | Reached skill level 8 in Unarmed Combat
  9854 | D:8      | Found a blossoming altar of Fedhas.
  9898 | D:8      | Killed an unseen horror
  9898 | D:8      | Reached skill level 9 in Fighting
  9898 | D:8      | Reached XP level 10. HP: 64/96 MP: 22/22
  9972 | D:8      | Found a stormy altar of Qazlal.
 10818 | D:10     | Entered Level 10 of the Dungeon
 10878 | D:10     | Reached skill level 10 in Unarmed Combat
 11012 | D:10     | Acquired Dithmenos' third power
 11053 | D:10     | Noticed a hill giant
 11068 | D:10     | Reached skill level 10 in Fighting
 11078 | D:10     | Found Ygra's Jewellery Emporium.
 11191 | D:10     | Found a shattered altar of Ashenzari.
 11579 | D:10     | Found a staircase to the Lair.
 11884 | D:10     | Killed a hill giant
 11951 | D:10     | Reached skill level 11 in Unarmed Combat
 12005 | D:9      | Reached XP level 11. HP: 90/109 MP: 23/23
 12620 | D:10     | Found a roughly hewn altar of Beogh.
 12628 | D:10     | Acquired Dithmenos' fourth power
 12800 | Lair:1   | Entered Level 1 of the Lair of Beasts
 15005 | Lair:3   | Noticed a five-headed hydra
 15232 | Lair:3   | Noticed a seven-headed hydra
 15444 | Lair:3   | Killed a seven-headed hydra
 15509 | Lair:3   | Noticed a six-headed hydra
 15661 | Lair:3   | Reached XP level 12. HP: 130/130 MP: 24/28
 16558 | Lair:3   | Killed a six-headed hydra
 16962 | Lair:4   | Noticed Harold
 16988 | Lair:4   | Killed Harold
 17133 | Lair:4   | Lost mutation: You possess an exceptional clarity of mind. [potion of cure mutation]
 17133 | Lair:4   | Lost mutation: You occasionally shout uncontrollably at your foes. [potion of cure mutation]
 17133 | Lair:4   | Lost mutation: Armour fits poorly on your strangely shaped body. [potion of cure mutation]
 17134 | Lair:4   | Gained mutation: You can breathe flames. [potion of beneficial mutation]
 18276 | Lair:5   | Reached skill level 10 in Spellcasting
 18287 | Lair:5   | Reached skill level 10 in Transmutations
 18474 | Lair:5   | Noticed a seven-headed hydra
 18486 | Lair:5   | Killed a seven-headed hydra
 18486 | Lair:5   | Reached skill level 12 in Fighting
 18486 | Lair:5   | Reached XP level 13. HP: 55/140 MP: 10/31
 19251 | Lair:6   | Found a staircase to the Shoals.
 19260 | Lair:6   | Reached skill level 13 in Fighting
 19600 | Lair:6   | Found a staircase to the Snake Pit.
 19608 | Lair:6   | Reached skill level 14 in Fighting
 20068 | Lair:6   | Noticed Maud
 20079 | Lair:6   | Killed Maud
 20079 | Lair:6   | Reached skill level 15 in Fighting
 20639 | Lair:7   | Found a staircase to the Slime Pits.
 20639 | Lair:7   | Found a viscous altar of Jiyva.
 20715 | Lair:7   | Found a frozen archway.
 20792 | IceCv    | Entered an ice cave
 21440 | IceCv    | Reached skill level 16 in Fighting
 22080 | IceCv    | Found an ancient bone altar of Kikubaaqudgha.
 22374 | Lair:7   | Reached skill level 17 in Fighting
 22511 | Lair:7   | Reached XP level 14. HP: 159/166 MP: 29/32
 23380 | Lair:8   | Entered Level 8 of the Lair of Beasts
 23573 | Lair:8   | Reached skill level 18 in Fighting
 26029 | D:11     | Gained mutation: Armour fits poorly on your strangely shaped body. [mutagenic meat]
 26058 | D:11     | Lost mutation: Armour fits poorly on your strangely shaped body. [potion of cure mutation]
 26058 | D:11     | Lost mutation: You can breathe flames. [potion of cure mutation]
 27099 | D:12     | Reached XP level 15. HP: 110/176 MP: 34/34
 27839 | D:12     | Noticed Erica
 27850 | D:12     | Killed Erica
 28094 | D:12     | Gained mutation: Your natural rate of healing is unusually fast. [mutagenic meat]
 28095 | D:12     | Gained mutation: You are clumsy. (Dex -2) [potion of mutation]
 28095 | D:12     | Gained mutation: You can spit poison. [potion of mutation]
 28096 | D:12     | Gained mutation: Your spells are a little harder to cast, but a little more powerful. [mutagenic meat]
 28097 | D:12     | Gained mutation: Your magical capacity is low (-10% MP). [mutagenic meat]
 28098 | D:12     | Gained mutation: Your system is resistant to poisons. [mutagenic meat]
 28099 | D:12     | Lost mutation: Your magical capacity is low (-10% MP). [mutagenic meat]
 28100 | D:12     | Gained mutation: You are dopey. (Int -2) [mutagenic meat]
 28101 | D:12     | Gained mutation: Your flesh is cold resistant. [mutagenic meat]
 28102 | D:12     | Gained mutation: Your body is slowly deteriorating. [mutagenic meat]
 28306 | D:12     | Found a staircase to the Orcish Mines.
 28344 | Orc:1    | Entered Level 1 of the Orcish Mines
 28535 | Orc:1    | Found a burning altar of Makhleb.
 28631 | Orc:1    | Noticed Maurice
 28651 | Orc:1    | Killed Maurice
 28812 | Orc:1    | Learned a level 4 spell: Alistair's Intoxication
 28817 | Orc:1    | Learned a level 4 spell: Petrify
 28820 | Orc:1    | Learned a level 2 spell: Repel Missiles
 28823 | Orc:1    | Learned a level 2 spell: Swiftness
 28830 | Orc:1    | Learned a level 6 spell: Haste
 29452 | Orc:2    | Gained mutation: Your vision is a little blurry. [mutagenic glow]
 29514 | Orc:2    | Gained mutation: You are weak. (Str -2) [mutagenic glow]
 30366 | Orc:3    | Found a roughly hewn altar of Beogh.
 30929 | Orc:4    | Entered Level 4 of the Orcish Mines
 31225 | Orc:4    | Found Atiaq's Jewellery Shoppe.
 31240 | Orc:4    | Found Cyse Fat's Jewellery Boutique.
 31321 | Orc:4    | Found a roughly hewn altar of Beogh.
 31923 | Orc:4    | Found a staircase to the Elven Halls.
 31984 | Orc:4    | Found Uqaurchai's Jewellery Boutique.
 31984 | Orc:4    | Found Ismyont's Antique Armour Shoppe.
 32036 | Orc:4    | Bought a colourful robe for 182 gold pieces
 32142 | Orc:4    | Identified the +0 robe of Eternal Vigilance {+Fly Stlth+} (You bought it in a shop on level 4 of the Orcish Mines)
 32200 | Elf:1    | Entered Level 1 of the Elven Halls
 32638 | Elf:1    | Gained mutation: You are very clumsy. (Dex -4) [miscasting Alistair's Intoxication]
 32638 | Elf:1    | Gained mutation: You have a fast metabolism. [miscasting Alistair's Intoxication]
 32638 | Elf:1    | Killed by miscasting Alistair's Intoxication

Action                   |  1- 3 |  4- 6 |  7- 9 | 10-12 | 13-15 || total
-------------------------+-------+-------+-------+-------+-------++-------
Melee: Unarmed           |   146 |   102 |   646 |   737 |  1579 ||  3210
       Staff             |       |       |     4 |    27 |       ||    31
 Cast: Beastly Appendage |    21 |     2 |       |       |       ||    23
       Spider Form       |     2 |    11 |    98 |    87 |       ||   198
       Sticks to Snakes  |       |     1 |       |       |       ||     1
       Ice Form          |       |       |     1 |     6 |    22 ||    29
       Blade Hands       |       |       |       |    26 |   135 ||   161
Invok: Shadow Step       |       |       |       |     2 |       ||     2
 Abil: End Transformatio |       |       |     4 |    14 |    24 ||    42
Evoke: Wand              |       |       |     3 |    27 |     4 ||    34
  Use: Potion            |       |     3 |     8 |     9 |    15 ||    35
       Scroll            |       |     1 |    10 |    13 |    11 ||    35
 Stab: Paralysed         |       |       |     4 |       |       ||     4
       Distracted        |       |       |       |     1 |       ||     1
       Sleeping          |       |       |       |       |     3 ||     3
  Eat: Chunk             |     1 |     7 |    36 |    47 |    99 ||   190
       Royal jelly       |       |       |     1 |       |       ||     1
       Fruit             |       |       |       |     1 |     7 ||     8
